 Dungeon Crawl Stone Soup version 0.28.0-53-g5a82cb258f (webtiles) character file.

Game seed: 2692087790045810450

61 trickyswaf the Chopper (level 3, 0/33 HPs)
             Began as a Minotaur Chaos Knight on June 7, 2022.
             Was a Plaything of Xom.
             Slain by Terence the queen bee (shapeshifter) (9 damage)
             ... on level 1 of the Dungeon.
             The game lasted 00:04:16 (1337 turns).

trickyswaf the Chopper (Minotaur Chaos Knight)      Turns: 1337, Time: 00:04:17

Health: 0/33       AC:  7    Str: 18    XL:     3   Next: 83%
Magic:  2/2        EV: 11    Int:  9    God:    Xom [..*...]
Gold:   39         SH:  0    Dex:  9    Spells: 2/2 levels left

rFire   . . .      SeeInvis +   a - +0 hand axe (chaos)
rCold   . . .      Faith    .   (no shield)
rNeg    . . .      Spirit   .   b - +2 leather armour
rPois   .          Reflect  .   (helmet restricted)
rElec   .          Harm     .   (no cloak)
rCorr   .          Rampage  .   l - +1 pair of gloves
Will    .....                   (no boots)
Stlth   ..........              (no amulet)
HPRegen 0.11/turn               e - ring of see invisible
MPRegen 0.08/turn               (no ring)

@: confused
A: horns 2, retaliatory headbutt
a: Renounce Religion


You were on level 1 of the Dungeon.
You worshipped Xom.
You were a toy of Xom.
You visited 1 branch of the dungeon, and saw 2 of its levels.

You collected 39 gold pieces.

Inventory:

Hand Weapons
 a - a +0 hand axe of chaos (weapon)
Armour
 b - a +2 leather armour (worn)
 l - a +1 pair of gloves (worn)
Jewellery
 c - a +6 ring of intelligence
 e - a ring of see invisible (left hand)
Scrolls
 d - a scroll of immolation {unknown}
 g - a scroll of fear {unknown}
 h - 2 scrolls of teleportation {unknown}
 k - a scroll of blinking {unknown}
 m - a scroll of identify {unknown}
Potions
 f - a potion of curing {unknown}
 i - a potion of degeneration {unknown}
 j - a potion of haste {unknown}


   Skills:
 + Level 4.2 Fighting
 * Level 4.6 Axes
 + Level 3.1 Armour
 + Level 2.0 Dodging


You had 2 spell levels left.
You didn't know any spells.
Your spell library was empty.

Dungeon Overview and Level Annotations

Branches:
Dungeon (2/15)

Altars:

Annotations:
D:1 Terence


Innate Abilities, Weirdness & Mutations

You have a pair of horns on your head.
You reflexively headbutt those who attack you in melee.


Message History

The gnoll barely misses you. You furiously retaliate!
You headbutt the gnoll, but do no damage.
You hit the gnoll. You freeze the gnoll.
You kill the gnoll!
You hit Terence but do no damage.
Terence changes into a shapeshifter!
Xom is highly amused!
Terence the shapeshifter changes into a jumping spider!
Your Dodging skill increases to level 2!
You hit Terence.
Terence is lightly wounded.
Terence the jumping spider changes into a queen bee!
You completely miss Terence.
Terence is lightly wounded.
Terence the queen bee changes into a tarantella!
You closely miss Terence. Terence misses you. You furiously retaliate!
You headbutt Terence. You hit Terence but do no damage.
Terence is lightly wounded.
Terence misses you.
You closely miss Terence.
Terence is lightly wounded.
Xom titters.
You are confused.
Terence looks rather confused.
Terence the tarantella changes into a queen bee!
You completely miss Terence. Your headbutt misses Terence.
Things that are here:
a +0 whip; a gnoll corpse You hit Terence but do no damage.
Terence seems to speed up.
Xom thinks this is hilarious!
Your headbutt misses Terence. Terence closely misses you.
Terence stings you but does no damage.
You hit Terence. Your headbutt misses Terence.
Terence is lightly wounded.
Terence misses you.
You hit Terence.
You feel better.
You headbutt Terence!
Terence is moderately wounded.
Terence stings you!
You die...
Xom giggles madly!

## #.##.## .####### #.##.#
.#.....###.##.###
.#..............#
.#.....###.##...#
.#..........[#..#
.#####.......#.)#
.#####.......#.)###########
...........###)y@.........#
############ ##############


You could see Terence the queen bee shaped shifter (fast).

Vanquished Creatures
  2 gnolls
  A dart slug (D:1)
  3 ball pythons (D:1)
  5 bats
  5 endoplasms
  2 giant cockroaches (D:1)
  2 hobgoblins (D:1)
  3 jackals (D:1)
  A quokka (D:2)
  3 frilled lizards (D:1)
  4 goblins (D:1)
  4 kobolds (D:1)
  A rat (D:1)
36 creatures vanquished.

Notes
Turn   | Place    | Note
-------+----------+-------------------------------------------
     0 | D:1      | trickyswaf the Minotaur Chaos Knight began the quest for
                  | the Orb.
     0 | D:1      | Reached XP level 1. HP: 19/19 MP: 0/0
   346 | D:1      | XOM: cloud trail
   393 | D:1      | Reached XP level 2. HP: 25/27 MP: 1/1
   724 | D:1      | Reached XP level 3. HP: 28/33 MP: 2/2
  1160 | D:2      | Noticed Terence
  1182 | D:1      | XOM: polymorph gnoll -> dart slug
  1327 | D:1      | Noticed Terence
  1327 | D:1      | Terence changed into Terence the shapeshifter
  1327 | D:1      | Noticed Terence
  1327 | D:1      | Terence the shapeshifter changed into Terence the jumping
                  | spider
  1328 | D:1      | Noticed Terence
  1328 | D:1      | Terence the jumping spider changed into Terence the queen
                  | bee
  1329 | D:1      | Noticed Terence
  1329 | D:1      | Terence the queen bee changed into Terence the tarantella
  1332 | D:1      | XOM: confusion (+ monsters)
  1332 | D:1      | Noticed Terence
  1332 | D:1      | Terence the tarantella changed into Terence the queen bee
  1337 | D:1      | Slain by Terence the queen bee (shapeshifter)

Illustrated notes

Levels and vault maps discovered:
D:1:      dpeg_arrival_rooms_a, layout_basic, minivault_4
D:2:      layout_rooms, ebering_ecumenical_altar_box, uniq_terence, uniq_sigmund

Skill      XL: |  1  2  3 |
---------------+----------+-----
Axes           | 4 |  4.6
Fighting       | 4 |  4.2
Armour         | 3 |  3.1
Dodging        | 2 |  2.0

Action                   || total
-------------------------++-------
Melee: Hand axe          ||    70
       Headbutt          ||     9
Armor: Leather armour    ||    31
Dodge: Dodged            ||    55
